 Dungeon Crawl Stone Soup version 0.26.1-11-gd32895ea62 (webtiles) character file.

Game seed: 16189662933029204548

2695 promet the Covert (level 9, -9/56 HPs)
             Began as an Octopode Brigand on June 28, 2021.
             Was a Follower of Dithmenos.
             Mangled by Harold
             ... wielding a +0 broad axe
              (27 damage)
             ... on level 7 of the Dungeon.
             The game lasted 00:42:03 (8792 turns).

promet the Covert (Octopode Brigand)                Turns: 8792, Time: 00:42:04

Health: -9/56      AC:  5    Str: 10    XL:     9   Next: 65%
Magic:  9/9        EV: 15    Int: 14    God:    Dithmenos [*.....]
Gold:   380        SH:  5    Dex: 16    Spells: 7/8 levels left

rFire    . . .     SeeInvis .   a - +2 short sword (venom)
rCold    . . .     Faith    .   (no shield)
rNeg     . . .     Spirit   .   (helmet restricted)
rPois    .         Reflect  +   u - amulet of reflection
rElec    +         Harm     .   l - +4 ring of protection
rCorr    .         Rampage  .   (no ring)
Will     +....                  (no ring)
Stlth    ++++++....             (no ring)
HPRegen  0.18/turn              (no ring)
MPRegen  0.11/turn              (no ring)
                                (no ring)
                                (no ring)

@: marked, wreathed by umbra
A: almost no armour, stealthy swim, amphibious, 8 rings, constrict 8, camouflage
1, frail 1, strong-willed 1, electricity resistance, gelatinous body 1
a: Renounce Religion


You were on level 7 of the Dungeon.
You worshipped Dithmenos.
Dithmenos was aware of your devotion.
You visited 2 branches of the dungeon, and saw 8 of its levels.

You collected 380 gold pieces.

Inventory:

Hand Weapons
 a - a +2 short sword of venom (weapon)
 b - a +0 hunting sling
 e - a +1 flail of venom
 q - a +1 hand axe of electrocution
 s - a +2 dagger
 w - a +0 halberd
 x - a +2 rapier
 y - a +3 dagger of speed
 z - the +4 quarterstaff of the Screaming Blowfly {drain, rC++, unknown}
   (You found it on level 5 of the Dungeon)

   A truly terrible weapon, it drains the life of those it strikes.
   It greatly protects you from cold.
 C - a +0 morningstar of flaming
Missiles
 d - 66 bolts
 h - 36 poisoned darts (quivered)
 n - 168 stones
 o - 95 arrows
 v - 4 silver boomerangs
 B - 4 javelins
 G - 45 sling bullets
 I - 4 atropa-tipped darts
Jewellery
 g - an uncursed amulet of guardian spirit
 l - a +4 ring of protection (left tentacle)
 u - an amulet of reflection (around mantle)
Wands
 c - a wand of polymorph (7)
 j - a wand of random effects (25)
 r - a wand of digging (7)
 t - a wand of paralysis (19)
 A - a wand of flame (24)
Scrolls
 f - a scroll of immolation
 k - 2 scrolls of amnesia
 m - 6 scrolls of remove curse
 E - 3 scrolls of identify
Potions
 i - 2 potions of flight
 p - 2 potions of attraction


   Skills:
 * Level 6.3 Fighting
 + Level 6.7 Short Blades
 + Level 1.1 Polearms
 + Level 1.1(3.4) Slings
 + Level 5.2(5.3) Throwing
 + Level 3.7 Dodging
 + Level 10.7 Stealth
 + Level 0.4 Shields


You had 7 spell levels left.
You knew the following spells:

 Your Spells              Type           Power        Failure   Level
a - Magic Dart            Conj           0%           28%         1

Your spell library contained the following spells:

 Spells                   Type           Power        Failure   Level
 Blink                    Tloc           N/A          41%         2
 Call Imp                 Summ           0%           41%         2
 Slow                     Hex            0%           41%         2
 Conjure Flame            Conj/Fire      0%           65%         3
 Mephitic Cloud           Conj/Pois/Air  0%           65%         3


Dungeon Overview and Level Annotations

Branches:
Dungeon (7/15)             Temple (1/1) D:4

Altars:
Ashenzari
Dithmenos
Fedhas
Gozag
Hepliaklqana
Makhleb
Nemelex Xobeh
Okawaru
Ru
Uskayaw
Wu Jian
Xom
Yredelemnul
Zin
The Shining One

Shops:
D:6 ([

Annotations:
D:5 Prince Ribbit
D:7 Harold


Innate Abilities, Weirdness & Mutations

You cannot wear most types of armour.
You are very stealthy in the water. (Stealth+)
You are amphibious.
You can wear up to eight rings at the same time.
You can use your tentacles to constrict eight enemies at once.
Your skin changes colour to match your surroundings (Stealth+).
Your rubbery body absorbs attacks. (AC +1, EV +1)
You are frail. (-10% HP)
You are strong-willed. (Will+)
You are resistant to electric shocks. (rElec)


Message History

Harold says, "This is so exciting!
What a great way to end my career!"
Harold gestures at you while chanting.
You barely resist.
Aiming: Random Effects
Press: ? - help, Shift-Dir - straight line, f/p - Harold
Aim: Harold, wielding a +0 broad axe and wearing a +0 chain mail (heavily wounded, constricted by you, extremely poisoned, umbra) Harold resists with almost no effort.
You constrict Harold, but do no damage. Harold closely misses you.
As you read the scroll labelled YMMONEAS KASIA, it crumbles to dust.
It is a scroll of enchant armour.
You aren't carrying any armour which can be enchanted further.
You constrict Harold. You hit Harold but do no damage.
Harold is heavily wounded.
You constrict Harold. Harold hits you but does no damage.
You hit Harold but do no damage.
Harold looks as sick as possible!
You squeeze Harold.
Harold is severely wounded.
You constrict Harold. Harold hits you with a +0 broad axe!!
You die...

. #......... # #.
.#.....(... # #...
.#.....(... # #..
.......... # #..
#.....(... ###.#
#....(.).. [.#.#
#...(.....
..#.###########..@(.....
......).#..[....@#.#####
....###.#.#####.## #
......#.#.# #.#
....#.#.#.# #.#
..#.#.#.#.# #.# ..#.#
#.#.# #.# #
..#.#.#.#.#####.##.#
#.#.#..............#
....###.#.......#


You could see Harold (extremely poisoned).

Vanquished Creatures
  Edmund (D:7)
  Maggie (D:6)
  Eustachio (D:4)
  Duvessa (D:7)
  An ice beast (D:5)
  6 ogres
  A necrophage (D:5)
  2 bullfrogs
  2 scorpions (D:6)
  Dowan (D:7)
  A bullfrog zombie (D:6)
  2 hounds
  A centaur zombie (D:6)
  3 bullfrog skeletons (D:6)
  2 orc priests
  5 orc wizards
  7 worker ants
  8 adders
  4 gnolls (D:5)
  2 shadow imps
  2 white imps (D:5)
  An ufetubus (D:6)
  2 oozes
  An adder skeleton (D:4)
  6 worms
  3 dart slugs
  2 leopard geckos
  19 orcs
  A ball python (D:6)
  5 bats
  A giant cockroach (D:5)
  8 goblins
  7 hobgoblins
  4 jackals (D:3)
  4 quokkas
  A ball python skeleton (D:5)
  5 frilled lizards
  5 kobolds
  2 leopard gecko skeletons
  5 rats
136 creatures vanquished.

Vanquished Creatures (collateral kills)
  Sigmund (D:7)
1 creature vanquished.

Grand Total: 137 creatures vanquished

Notes
Turn   | Place    | Note
-------+----------+-------------------------------------------
     0 | D:1      | promet the Octopode Brigand began the quest for the Orb.
     0 | D:1      | Reached XP level 1. HP: 14/14 MP: 1/1
   215 | D:1      | Reached XP level 2. HP: 19/19 MP: 2/2
   343 | D:1      | Reached skill level 6 in Stealth
  1580 | D:2      | Reached XP level 3. HP: 24/24 MP: 3/3
  1625 | D:2      | Noticed a bullfrog
  1631 | D:2      | Killed a bullfrog
  1632 | D:2      | Reached skill level 7 in Stealth
  1632 | D:2      | Reached XP level 4. HP: 30/30 MP: 4/4
  2284 | D:3      | Reached XP level 5. HP: 35/35 MP: 5/5
  2944 | D:3      | Found a glowing silver altar of Zin.
  3066 | D:3      | Found a shimmering altar of Xom.
  3326 | D:3      | Reached skill level 8 in Stealth
  3493 | D:3      | Reached XP level 6. HP: 42/42 MP: 6/6
  3662 | D:4      | Noticed Eustachio
  3673 | D:4      | Killed Eustachio
  3952 | D:4      | Gained mutation: You are frail. (-10% HP) [potion of
                  | mutation]
  3952 | D:4      | Gained mutation: You are resistant to electric shocks.
                  | (rElec) [potion of mutation]
  3952 | D:4      | Gained mutation: You are strong-willed. (Will+) [potion of
                  | mutation]
  4025 | D:4      | Found a shadowy altar of Dithmenos.
  4252 | D:4      | Found a staircase to the Ecumenical Temple.
  4351 | D:5      | Entered Level 5 of the Dungeon
  4374 | D:5      | Noticed an ice beast
  4402 | D:5      | Reached XP level 7. HP: 41/41 MP: 7/7
  5829 | D:5      | Reached skill level 1 in Slings
  5880 | D:5      | Reached skill level 9 in Stealth
  5880 | D:5      | Reached XP level 8. HP: 45/48 MP: 6/8
  5957 | Temple   | Entered the Ecumenical Temple
  6114 | D:4      | Became a worshipper of Dithmenos the Shadowed
  6290 | D:5      | Noticed Prince Ribbit
  6411 | D:5      | Got a crude quarterstaff
  6573 | D:6      | Noticed Maggie
  6589 | D:6      | Killed Maggie
  6590 | D:6      | Reached skill level 5 in Short Blades
  6590 | D:6      | Reached skill level 1 in Polearms
  6872 | D:6      | Found a glowing silver altar of Zin.
  6925 | D:6      | Learned a level 1 spell: Magic Dart
  6928 | D:6      | Found Itoheri's Antique Armour Boutique.
  6955 | D:6      | Found Atoits's Weapon Shoppe.
  7032 | D:6      | Reached skill level 5 in Fighting
  7032 | D:6      | Reached skill level 10 in Stealth
  7119 | D:6      | Found a sparkling altar of Nemelex Xobeh.
  7252 | D:6      | Found an ornate altar of the Wu Jian Council.
  7456 | D:6      | Reached XP level 9. HP: 54/54 MP: 9/9
  7676 | D:6      | Found a sacrificial altar of Ru.
  7941 | D:6      | Reached * piety under Dithmenos
  8317 | D:7      | Noticed Sigmund
  8320 | D:7      | Noticed Edmund
  8439 | D:7      | Killed Sigmund
  8466 | D:7      | Killed Edmund
  8467 | D:7      | Reached skill level 5 in Throwing
  8545 | D:7      | Noticed Harold
  8554 | D:7      | Noticed Duvessa
  8555 | D:7      | Noticed Dowan
  8570 | D:7      | Killed Dowan
  8577 | D:7      | Killed Duvessa
  8792 | D:7      | Mangled by Harold

Illustrated notes

Levels and vault maps discovered:
D:1:      minmay_arrival_nine_rooms, layout_loops_ring
D:2:      layout_loops_ring
D:3:      layout_rooms, lemuel_round_altar, lemuel_crystal_altar,
          kennysheep_another_room, st_stairs_14, chequers_garden,
          hangedman_decor_growths, nicolae_underground_beach
D:4:      layout_gridville, grunt_dithmenos_smoke_and_mirrors,
          minmay_temple_entry_stoned_glass, uniq_eustachio
D:5:      layout_rooms, kennysheep_generic_room_11, uniq_prince_ribbit1
D:6:      layout_loops_ring, nemelex_xobeh_ov_fountains_minmay,
          nzn_wu_jian_contemplation, nicolae_ru_path_of_blood, serial_shops,
          kennysheep_mini, nicolae_shop_competitors_out_of_business,
          cheibrodos_sewer_entry_bend, basic_altar, uniq_maggie
D:7:      layout_basic, sigmund_edmund_badplayer, uniq_harold, uniq_duvessa
Temple:   kb_temple_of_zot

Skill      XL: |  1  2  3  4  5  6  7  8  9 |
---------------+----------------------------+-----
Stealth        | 6 7 8 9 10 | 10.7
Short Blades   | 3 4 6 |  6.7
Fighting       | 3 4 5 6 |  6.3
Dodging        | 2 3 |  3.7
Slings         | 1 |  1.1
Throwing       | 3 5 |  5.2
Polearms       | 1 |  1.1
Shields        | |  0.4

Action                   |  1- 3 |  4- 6 |  7- 9 || total
-------------------------+-------+-------+-------++-------
Melee: Dagger            |    33 |   102 |       ||   135
       Constrict         |     5 |    30 |    36 ||    71
       Tentacles         |       |    23 |    56 ||    79
       Rapier            |       |    22 |   181 ||   203
       Halberd           |       |       |     6 ||     6
       Short sword       |       |       |     9 ||     9
 Fire: Hunting sling     |       |       |     5 ||     5
Throw: Dart              |       |     7 |    85 ||    92
Evoke: Wand              |       |       |     1 ||     1
  Use: Scroll            |     4 |     8 |     3 ||    15
       Potion            |       |     7 |     7 ||    14
 Stab: Sleeping          |    13 |     8 |    15 ||    36
       Distracted        |       |     1 |     1 ||     2
       Invisible         |       |       |     1 ||     1
Armor: Skin              |     6 |    19 |    17 ||    42
Dodge: Dodged            |    10 |    59 |    84 ||   153
Block: Other             |       |       |    16 ||    16
